[Event "Gibraltar Challengers B 2019"]
[Site "Caleta"]
[Date "2019.01.29"]
[Round "4"]
[White "Ramasindraibe, Girard"]
[Black "Jordan Martinez, Miguel"]
[Result "0-1"]
[ECO "D01"]
[WhiteElo "2129"]
[BlackElo "2142"]
[Annotator "NA"]
[PlyCount "184"]
[EventDate "2019.01.18"]
[EventType "swiss"]
[EventCountry "GGB"]
[SourceTitle "playchess.com"]
[Source "ChessBase"]
[SourceQuality "1"]
[TimeControl "6600+10"]

1. d4 Nf6 2. Nc3 d5 3. Bg5 e6 4. Qd2 {[%emt 0:02:14] D01: Veresov Opening} (4. e4 dxe4 5. Nxe4 Nbd7 6. Nf3 Be7 7. Nxf6+ Bxf6 8. h4 c5 9. Qd2 cxd4 10. O-O-O e5 11. Bd3 O-O 12. Rhe1 Re8 13. Bxf6 Qxf6 14. Qg5 Kf8 15. Qg3 h6 16. Bb5 e4 17. Nxd4 {1-0 (26) Rapport,R (2704)-Spasov,V (2546) Palic 2014}) 4... Be7 5. f3 c5 6. e3 cxd4 7. exd4 Nc6 8. O-O-O a6 $146 ({Predecessor:} 8... Bb4 9. Kb1 Qa5 10. Nge2 Bd7 11. Qf4 Be7 {1-0 (25) Schuetze,H-Tandrup,M (1995) Horsholm 2008}) 9. Kb1 b5 10. Nge2 Bd7 11. Nc1 Na5 12. Nd3 Nc4 13. Qe1 Rc8 14. Ne5 h6 15. Bc1 Qc7 16. Bxc4 $1 bxc4 17. g4 Rb8 18. Ka1 Bb4 19. Qe3 Qa5 20. Bd2 $1 Ba4 21. Rc1 Nd7 22. g5 (22. h4 $14) 22... hxg5 23. Qxg5 g6 24. Nxd7 Kxd7 25. Qf4 Rhf8 26. Be1 Bd6 27. Qf6 Qb4 28. Nd1 $1 Qb6 29. h4 a5 30. h5 gxh5 31. Rxh5 Be7 32. Qf4 Qd6 33. Qd2 Bc6 34. Rh7 a4 35. Rg7 a3 36. b3 Bf6 37. Rg4 Rb7 38. Qh6 Qe7 39. Bh4 Bxh4 40. Rxh4 cxb3 41. cxb3 Rb4 42. Rh2 Rxd4 43. Rhc2 Rc8 44. Nc3 Rb4 {[%emt 0:00:13] [#]} 45. Na4 $1 Rxa4 46. bxa4 Qb4 47. Qf6 Bxa4 (47... Kd6 $142 48. f4 Qxa4 49. Rxc6+ Qxc6 50. Rxc6+ Rxc6 51. Qd8+ Kc5) 48. Rb1 Qxb1+ 49. Kxb1 Bxc2+ 50. Ka1 {[%emt 0:00:03] [#]} Bg6 $2 (50... Bf5 $1 {mates} 51. Qg5 Rb8 52. Qg1 Rb1+ 53. Qxb1 Bxb1 54. Kxb1 e5 55. Kc2 Ke6 56. Kb3 Kf5 57. Kxa3 e4 58. fxe4+ dxe4 59. Kb4 e3 60. Kc3 Kg4 61. Kd3 Kf3 62. Kd4 e2 63. Kc5 e1=Q 64. Kc6 f5 65. Kd7 f4 66. Kd8 Kg4 67. a3 f3 68. Kc7 f2 69. Kd7 f1=Q 70. Kd6 Qa6+ 71. Kd5 Qb5+ 72. Kd6 Qee5#) 51. Qf4 $1 Rc4 52. Qe3 Rb4 53. Qa7+ Kc6 54. Qa6+ Rb6 55. Qc8+ Kb5 56. Qc3 Ra6 57. Qb3+ Kc6 58. Qc3+ Kd7 59. Qb4 Ra7 60. f4 Be4 61. Qb5+ Kc8 62. Qe8+ Kc7 63. Qxf7+ Kb8 64. Qe8+ Kb7 65. Qxe6 Ra6 66. Qd7+ Kb8 67. Qb5+ Ka7 68. Qc5+ Kb7 69. f5 Rb6 70. Qe7+ Kb8 71. Qd8+ Kb7 72. Qd7+ Kb8 73. Qd8+ Kb7 74. Qe7+ Kc6 75. Qf6+ Kc5 $2 (75... Kb7 $11) 76. Qc3+ {[%emt 0:00:03] Double Attack} Kd6 77. Qxa3+ Ke5 $2 (77... Kd7 $18 78. Qa7+ Kc6 79. Qa8+ Kc7) 78. Qe7+ $2 (78. Qg3+ Kxf5 79. Qf2+ {[%mdl 64] Double Attack} Kg4 80. Qxb6) 78... Kxf5 $18 79. Qd7+ Kg6 80. a4 Ra6 81. Qb5 Ra8 82. Kb2 Kf5 83. Kc3 Ke5 84. a5 Rc8+ 85. Kd2 Kf4 86. Qf1+ Ke5 87. Qa1+ d4 88. a6 Rc2+ 89. Kd1 Rg2 90. Qa5+ Kf4 91. Qh5 Bf3+ 92. Kc1 Bxh5 0-1

[Event "Gibraltar Challengers B 2019"]
[Site "Caleta"]
[Date "2019.01.29"]
[Round "4"]
[White "Jordan Martinez, David"]
[Black "Cao Armillas, Jesus"]
[Result "1-0"]
[ECO "B20"]
[WhiteElo "2125"]
[BlackElo "2048"]
[Annotator "NA RC"]
[PlyCount "97"]
[EventDate "2019.01.18"]
[EventType "swiss"]
[EventCountry "GGB"]
[SourceTitle "playchess.com"]
[Source "ChessBase"]
[SourceQuality "1"]
[TimeControl "6600+10"]

1. e4 c5 2. g3 g6 3. Bg2 Bg7 4. Ne2 Nc6 5. c3 e5 6. d3 Nge7 7. Be3 d6 8. a3 {[%emt 0:00:25] B20: Sicilian: Unusual White 2nd moves} O-O (8... a5 9. Nd2 O-O 10. O-O a4 11. f4 exf4 12. Nxf4 Kh8 13. Nf3 h6 14. d4 cxd4 15. cxd4 b5 {0-1 (42) Svidler,P (2743)-Karjakin,S (2770) Sochi 2014}) 9. b4 cxb4 $146 ({Predecessor:} 9... Be6 10. b5 Nb8 11. Nd2 a6 12. a4 axb5 13. axb5 Nd7 14. c4 Nb6 15. O-O Qd7 16. Qc2 Bh3 17. Rfb1 Bxg2 18. Kxg2 f5 19. f3 Rxa1 {½-½ (19) Hort,V (2560)-Muse,M (2445) Germany 1992}) 10. axb4 d5 11. b5 d4 12. Bc1 Nb8 13. cxd4 exd4 14. O-O Qb6 15. Na3 Bd7 16. Rb1 Be6 17. Nf4 Nd7 18. Nxe6 Qxe6 19. Nc4 Nb6 20. Na5 Rfc8 21. Nxb7 a5 22. bxa6 ({White should try} 22. Bd2 $18) 22... Rxa6 23. Bd2 Na4 24. Qb3 Qxb3 25. Rxb3 Rc2 26. Bf4 Nc6 27. e5 Nc3 28. Bxc6 Ne2+ 29. Kg2 Nxf4+ 30. gxf4 Raxc6 31. Nd6 Bf8 32. Ne4 Be7 33. Rb7 Re6 34. Ra1 Rc8 35. Raa7 Re8 36. Rd7 f5 37. exf6 Bxf6 38. Nxf6+ Rxf6 39. Rg7+ Kf8 40. Rxh7 Kg8 41. Rag7+ Kf8 42. Rh8+ Kxg7 43. Rxe8 Rxf4 44. Re4 Rxe4 $2 (44... Rf8 $16 45. Rxd4 Rc8) 45. dxe4 g5 46. h3 Kf6 $18 47. f3 Ke5 48. Kf2 Kf4 49. Ke2 1-0

[Event "Gibraltar Challengers B 2019"]
[Site "Caleta"]
[Date "2019.01.29"]
[Round "4"]
[White "Severijnen, Arjon"]
[Black "Rodriguez Perez, Angel Mariano"]
[Result "1/2-1/2"]
[ECO "B70"]
[WhiteElo "2120"]
[BlackElo "2204"]
[Annotator "RC"]
[PlyCount "64"]
[EventDate "2019.01.18"]
[EventType "swiss"]
[EventCountry "GGB"]
[SourceTitle "playchess.com"]
[Source "ChessBase"]
[SourceQuality "1"]
[TimeControl "6600+10"]

1. e4 c5 2. Nf3 g6 3. d4 cxd4 4. Nxd4 Nf6 5. Nc3 d6 6. g3 Bg7 7. Bg2 O-O 8. O-O Qb6 9. Nde2 Nc6 10. h3 a6 11. Nf4 Be6 12. Ncd5 Bxd5 13. Nxd5 Nxd5 14. Qxd5 Nd4 15. Be3 Qc6 16. Qxc6 bxc6 17. Bxd4 Bxd4 18. Rab1 Rab8 19. b3 c5 20. Rfd1 a5 21. Bf1 f5 22. Bc4+ Kg7 23. exf5 Rxf5 24. Rd2 Rbf8 25. Rf1 d5 26. Bb5 e5 27. Bd7 R5f6 28. Kg2 e4 29. Re2 h5 30. h4 Rf3 31. Bc6 R8f5 32. c4 e3 1/2-1/2

[Event "Gibraltar Challengers B 2019"]
[Site "Caleta"]
[Date "2019.01.29"]
[Round "4"]
[White "Bub, Volker"]
[Black "Alarcon Olmos, Daniel"]
[Result "0-1"]
[ECO "B23"]
[WhiteElo "2108"]
[BlackElo "2124"]
[Annotator "NA RC"]
[PlyCount "72"]
[EventDate "2019.01.18"]
[EventType "swiss"]
[EventCountry "GGB"]
[SourceTitle "playchess.com"]
[Source "ChessBase"]
[SourceQuality "1"]
[TimeControl "6600+10"]

1. e4 c5 2. Nc3 Nc6 3. f4 e6 4. Nf3 a6 5. d3 d5 6. Qe2 {[%emt 0:07:53] B23: Closed Sicilian: Lines without g3} (6. g4 d4 7. Ne2 e5 8. f5 h6 9. Ng3 Nf6 10. h3 Bd7 11. c4 dxc3 12. bxc3 Qc7 13. Kf2 O-O-O {0-1 (40) Ivanisevic,I (2619)-Caruana,F (2782) Warsaw 2013}) 6... Nd4 7. Qf2 Nxf3+ 8. Qxf3 Nf6 $146 ({Predecessor:} 8... d4 9. Nd1 f5 10. Nf2 Nf6 11. g4 fxg4 12. Nxg4 Nxg4 13. Qxg4 Qf6 {½-½ (64) Zeithamel,R-Hadraba,V (2265) Czechia 1997}) 9. Be2 b5 10. e5 Ng8 11. f5 b4 12. fxe6 Bxe6 13. Nd1 Qc7 14. Qg3 Ne7 15. c3 Nf5 16. Qf4 g5 17. Qf2 h6 18. g4 $2 (18. Ne3 $11 Qxe5 19. Nxf5 Qxf5 20. Qxf5 Bxf5 21. O-O) 18... Nh4 19. d4 $2 (19. O-O $17) 19... bxc3 20. bxc3 cxd4 21. cxd4 Bb4+ 22. Kf1 {[%emt 0:00:16] [#]} f6 $1 23. exf6 O-O 24. Kg1 Be7 25. Qg3 Bd6 26. Qf2 Qd8 27. Qe3 Rxf6 28. Nf2 Qd7 29. h3 Raf8 30. Nd3 Bxg4 31. Ne5 {[%emt 0:00:40] [#]} Bxe2 $1 32. Qxe2 Rf1+ 33. Qxf1 Rxf1+ 34. Kxf1 Qf5+ 35. Kg1 Bxe5 36. dxe5 Qf6 0-1

[Event "Gibraltar Challengers B 2019"]
[Site "Caleta"]
[Date "2019.01.29"]
[Round "4"]
[White "Havik, Victor"]
[Black "Kukic, Boris"]
[Result "1-0"]
[ECO "D40"]
[WhiteElo "2088"]
[BlackElo "2035"]
[Annotator "NA RC"]
[PlyCount "63"]
[EventDate "2019.01.18"]
[EventType "swiss"]
[EventCountry "GGB"]
[SourceTitle "playchess.com"]
[Source "ChessBase"]
[SourceQuality "1"]
[TimeControl "6600+10"]

1. d4 d5 2. c4 e6 3. Nc3 Nf6 4. Nf3 Be7 5. e3 O-O 6. Bd3 c5 7. dxc5 {[%emt 0:06:38] D40: Queen's Gambit Declined: Semi-Tarrasch with 5 e3} (7. O-O dxc4 8. Bxc4 Nc6 9. a3 a6 10. dxc5 Qxd1 11. Rxd1 Bxc5 12. b4 Be7 13. Bb2 Bd7 14. Ne4 Rfd8 15. Nxf6+ Bxf6 16. Bxf6 gxf6 17. Rac1 Kf8 18. Kf1 Ke7 19. Ke1 Rac8 20. Be2 Na7 21. Nd4 Ba4 22. Rxc8 Rxc8 23. Ra1 Rc7 24. Kd2 Rd7 {½-½ (24) Demidov,M (2520)-Anand,V (2773) St Petersburg 2018}) 7... Bxc5 8. O-O b6 9. cxd5 exd5 10. h3 Bb7 $146 ({Predecessor:} 10... Ba6 11. b3 Bxd3 12. Qxd3 Nc6 13. a3 a5 14. Rd1 Ne7 15. Bb2 Qc8 {1-0 (30) Hasselbacher,U (1851)-Seifert,A (1838) Kitzingen 2010}) 11. a3 Nbd7 12. b4 Bd6 13. Nb5 Bb8 14. Bb2 a6 15. Nbd4 Ne5 16. Nxe5 Bxe5 17. f4 Bd6 18. Nf5 Bc8 19. Nxd6 Qxd6 20. Rc1 Re8 21. Be5 Qd8 22. Bc7 Qe7 23. Bxb6 Ne4 24. f5 (24. Bd4 $18) 24... Nf6 25. Qf3 Rb8 26. Bd4 Bb7 27. Rc5 Rbc8 28. Rfc1 Ne4 $2 (28... Qd6 29. Kf2 Ne4+ 30. Bxe4 dxe4) 29. Bxe4 dxe4 30. Qg3 f6 31. Rc7 Qf8 $18 32. Kh2 1-0

[Event "Gibraltar Challengers B 2019"]
[Site "Caleta"]
[Date "2019.01.29"]
[Round "4"]
[White "Broekman, Willem"]
[Black "Orndahl, Mats"]
[Result "1-0"]
[ECO "D23"]
[WhiteElo "2071"]
[BlackElo "2160"]
[Annotator "NA RC"]
[PlyCount "128"]
[EventDate "2019.01.18"]
[EventType "swiss"]
[EventCountry "GGB"]
[SourceTitle "playchess.com"]
[Source "ChessBase"]
[SourceQuality "1"]
[TimeControl "6600+10"]

1. d4 d5 2. c4 c6 3. Nf3 Nf6 4. Qb3 dxc4 5. Qxc4 Bg4 6. Nbd2 e6 {[%emt 0:01:07] D23: Queen's Gambit Accepted: 3 Nf3 Nf6 sidelines} 7. g3 Nbd7 8. Bg2 Be7 9. O-O O-O 10. Rd1 (10. Qb3 b5 11. h3 Bh5 12. g4 Bg6 13. Nh4 Qb6 14. Nxg6 hxg6 {½-½ (63) Mamedyarov,S (2817)-Gozzoli,Y (2630) chess.com INT 2019}) 10... Qb6 11. b3 a5 $146 ({Predecessor:} 11... c5 12. Bb2 cxd4 13. Bxd4 Bc5 14. Bxc5 Qxc5 15. Qxc5 Nxc5 {½-½ (30) Van Wely,L (2653)-Lintchevski,D (2561) Jurmala 2016}) 12. Bb2 a4 13. e4 Rfd8 14. Bc3 Qa6 15. Qxa6 Rxa6 16. b4 Raa8 17. Re1 Rac8 18. Rac1 b6 (18... Ne8 $11 {keeps the balance.}) 19. Nc4 Bh5 20. Nfe5 c5 $2 (20... Nxe5 $14 21. dxe5 Nd7) 21. Nxd7 Nxd7 22. dxc5 bxc5 23. b5 f6 24. Rb1 e5 25. Na5 Nb6 26. Bf1 Bf7 27. Nc6 Re8 28. a3 (28. Ba5 $16 Nc4 29. Bh3 Nxa5 30. Nxe7+ Rxe7 31. Bxc8 Bxa2 32. Rbc1) 28... Bb3 (28... Bf8 $11 {remains equal.}) 29. Ba5 Nc4 30. Bxc4+ ({White should try} 30. Rxb3 $16 Nxa5 31. Rc3 Nxc6 32. bxc6) 30... Bxc4 31. Rb2 Bb3 32. Rd2 c4 33. Nxe7+ Rxe7 34. Rc1 Kf7 35. Rc3 Ke8 36. b6 Rd7 37. Rc1 Rxd2 38. Bxd2 Kd7 39. Rc3 Kc6 40. Be3 Rd8 41. Kg2 Rd1 42. h4 Ra1 43. Bc1 Kxb6 44. Kf3 Ra2 45. Ke3 Kc5 46. g4 g6 47. f4 Bd1 48. fxe5 fxe5 49. Bd2 Bxg4 50. Rc1 Rxa3+ 51. Bc3 Rb3 52. Kd2 Bf3 53. Re1 Kd6 54. Kc2 a3 55. Re3 Bg4 56. Rg3 Bd7 $19 57. Rf3 a2 58. Rf6+ Be6 59. Rf1 Rb7 60. Ra1 Ra7 61. Rd1+ Ke7 62. Bxe5 h6 63. Ba1 Ra3 64. Rg1 Kf7 1-0

[Event "Gibraltar Challengers B 2019"]
[Site "Caleta"]
[Date "2019.01.29"]
[Round "4"]
[White "Alami, Halim"]
[Black "Abdulraheem Abdulrahman Akint"]
[Result "0-1"]
[ECO "C46"]
[WhiteElo "2059"]
[BlackElo "2224"]
[Annotator "NA RC"]
[PlyCount "131"]
[EventDate "2019.01.18"]
[EventType "swiss"]
[EventCountry "GGB"]
[SourceTitle "playchess.com"]
[Source "ChessBase"]
[SourceQuality "1"]
[TimeControl "6600+10"]

1. e4 e5 2. Nf3 Nc6 3. Nc3 Bb4 4. a3 Be7 {[%emt 0:06:23] C46: 3 Nc3: Unusual Black 3rd moves} (4... Bxc3 5. bxc3 Nf6 6. d3 d5 7. c4 dxe4 8. Ng5 Bg4 9. f3 exf3 10. h3 f2+ 11. Kxf2 Bxd1 12. Ke1 Bh5 13. g4 h6 14. Nf3 {0-1 (25) Jovic,D (2135)-Sarovski,N (1898) Grocka 2015}) 5. d4 exd4 6. Nxd4 Nf6 $146 ({Predecessor:} 6... Bc5 7. Nxc6 bxc6 8. Bf4 Ne7 9. Bc4 O-O 10. O-O Ng6 11. Bg3 d6 12. Rb1 {0-1 (30) Schultz,H (1168)-Ezzat,T (1549) Dortmund 2003}) 7. Nf5 O-O 8. Be2 d5 9. Nxe7+ Nxe7 10. e5 Ne8 11. Bg5 c6 12. Bd3 Qc7 13. f4 f6 14. exf6 Nxf6 15. O-O Nf5 16. Bxf6 Rxf6 17. Qe1 ({Much weaker is} 17. Qh5 Qb6+ 18. Kh1 Ng3+ 19. hxg3 Rh6 $17) 17... Bd7 18. Qf2 b6 19. Rae1 Raf8 20. Ne2 c5 21. c3 h6 22. Bc2 Bb5 23. Bb3 Bc6 24. Bc2 Kh8 (24... Nd6 $15) 25. Ng3 Nxg3 26. Qxg3 Bb5 27. Rf3 d4 28. a4 Ba6 29. Bg6 Bb7 ({Don't blunder} 29... Rxf4 $2 30. Rxf4 Rg8 {[#]} 31. Rf8 $1 $18 ) 30. Rf2 Bc6 ({Avoid the trap} 30... Rxf4 $2 31. Rxf4 Qd8 32. Rxf8+ Qxf8 33. Re8 $18) 31. Bc2 Qd6 32. Qd3 g6 33. Qg3 c4 34. cxd4 Qxd4 35. Qc3 Qxc3 36. bxc3 Kg7 37. Re7+ R8f7 38. Rxf7+ Kxf7 39. g3 Rd6 40. Re2 Bf3 41. Re3 Bd1 42. Be4 (42. Bxd1 $17 {only move.} Rxd1+ 43. Kf2) 42... Bxa4 43. f5 g5 44. Bf3 Kf6 45. Bh5 Bd7 ({Don't play} 45... Kxf5 46. Be2 $19) 46. Be2 b5 47. g4 a5 48. Kf2 a4 49. Rg3 $1 Rd2 (49... a3 $142 50. Rg1 Rd2) 50. Rh3 Kg7 51. Ke1 Rd6 52. Rg3 Kf6 53. Kf2 Bc6 54. Ke3 Rd8 55. Rh3 Kg7 56. Rg3 Bb7 57. Rg1 $19 Kf6 58. Rb1 Bc6 59. Rf1 Rd6 60. Rb1 Ke5 61. Rf1 Be8 62. h4 gxh4 63. Rh1 Bc6 64. Rxh4 a3 65. Bxc4 bxc4 66. f6 0-1

[Event "Gibraltar Challengers B 2019"]
[Site "Caleta"]
[Date "2019.01.29"]
[Round "4"]
[White "Ungureanu, Sandu"]
[Black "Adebajo, Olufemi"]
[Result "1-0"]
[ECO "A00"]
[WhiteElo "2057"]
[BlackElo "1915"]
[Annotator "NA RC"]
[PlyCount "114"]
[EventDate "2019.01.18"]
[EventType "swiss"]
[EventCountry "GGB"]
[SourceTitle "playchess.com"]
[Source "ChessBase"]
[SourceQuality "1"]
[TimeControl "6600+10"]

1. g3 d5 2. Bg2 c6 3. d3 e5 4. Nf3 Qc7 5. e4 Nf6 6. exd5 cxd5 7. O-O Bd6 8. Bg5 Nbd7 9. Nc3 a6 10. Nd2 d4 11. Nce4 Nxe4 12. Nxe4 O-O 13. c4 f5 14. Nxd6 Qxd6 15. Qf3 Nf6 16. Bxf6 Qxf6 17. Qd5+ Be6 18. Qxb7 Rab8 19. Qxa6 Rxb2 20. Rfb1 Rxb1+ 21. Rxb1 f4 22. gxf4 exf4 23. Qxe6+ Qxe6 24. Bd5 Qxd5 25. cxd5 Rd8 26. Rb5 Kf7 (26... Ra8 $16) 27. Kg2 ({Better is} 27. a4) 27... Ra8 28. Rb4 Rxa2 29. Rxd4 g5 30. h4 h6 31. Kf3 Kf6 32. d6 Ra8 33. hxg5+ hxg5 34. d7 Rd8 35. Ke4 Ke6 36. f3 Kf6 37. Rd5 Ke6 38. Rxg5 Rxd7 39. Rg6+ Kf7 40. Rg4 Re7+ 41. Kxf4 Re1 42. Rg5 Kf6 43. Ra5 Ke6 44. d4 Rd1 {[%emt 0:01:30] [#]} 45. d5+ $1 Kd6 46. Kf5 Rh1 47. f4 Rh8 48. Kg6 Rg8+ 49. Kf7 Rg4 50. f5 Ke5 51. f6 Rb4 52. Ra6 Kxd5 53. Kg6 Rg4+ 54. Kf5 Rg1 55. f7 Rf1+ 56. Kg6 Rg1+ 57. Kh7 Ke5 1-0

[Event "Gibraltar Challengers B 2019"]
[Site "Caleta"]
[Date "2019.01.29"]
[Round "4"]
[White "Kozarcanin, Sead"]
[Black "Osuna Vega, Enrique"]
[Result "1/2-1/2"]
[ECO "A01"]
[WhiteElo "2048"]
[BlackElo "2116"]
[Annotator "NA"]
[PlyCount "124"]
[EventDate "2019.01.18"]
[EventType "swiss"]
[EventCountry "GGB"]
[SourceTitle "playchess.com"]
[Source "ChessBase"]
[SourceQuality "1"]
[TimeControl "6600+10"]

1. b3 e5 2. Bb2 Nc6 3. e3 g6 4. c4 {[%emt 0:01:24] A01: Nimzowitsch-Larsen Opening} (4. h4 h5 5. c4 Bg7 6. Nf3 d6 7. d3 Nf6 8. Nc3 a6 9. Be2 Ne7 10. Qc2 Nf5 11. O-O-O Ng4 {0-1 (30) Jobava,B (2627)-Svidler,P (2737) St Petersburg 2018}) 4... Bg7 5. g3 Nge7 6. Bg2 d5 7. cxd5 Nxd5 8. a3 O-O 9. Ne2 Be6 10. d4 $146 ({Predecessor:} 10. Nbc3 f5 11. O-O Qd7 {1-0 (33) Cvek,R (2460)-Studnicka,T (2300) Plzen 2004}) 10... Nb6 11. O-O exd4 12. Bxc6 bxc6 13. Bxd4 Bxd4 14. Nxd4 Bh3 15. Re1 c5 16. Nc2 Qf6 17. f3 Rad8 18. Qe2 Be6 19. Nd2 Qb2 20. Rec1 Nd5 21. Ne4 $1 Qxb3 22. Nxc5 Nc3 23. Qe1 Qc4 (23... Qb2 $11) 24. Nd4 Qxc5 25. Qxc3 (25. Rxc3 $16 Qd6 26. Rac1) 25... Qe5 26. Nxe6 Qxe6 27. Rd1 Rb8 28. Rd3 Rfd8 29. Rad1 Rxd3 30. Rxd3 c6 31. e4 h5 32. Rd1 Kh7 33. Rc1 Rd8 34. Qxc6 Rd1+ 35. Kf2 Qa2+ 36. Rc2 Qa1 37. Qc4 Qf6 38. e5 Qb6+ 39. Kg2 Rg1+ 40. Kh3 Qb7 41. Qc6 Qb3 42. e6 Qd3 43. Qe4 (43. exf7 $16 Qf5+ 44. Kh4) 43... Qxe4 44. fxe4 fxe6 45. Rc7+ Kh6 46. Rxa7 Re1 47. Kg2 Rxe4 48. h4 $11 g5 49. hxg5+ Kxg5 50. Kf3 Rc4 51. Ra5+ Kg6 52. a4 h4 53. gxh4 Rxh4 54. Ra8 Kf5 55. Rf8+ Ke5 56. a5 Rh3+ 57. Kg2 Ra3 58. Ra8 Ke4 59. a6 e5 60. a7 Ra2+ 61. Kg3 Ra3+ 62. Kg4 Ke3 1/2-1/2

[Event "Gibraltar Challengers B 2019"]
[Site "Caleta"]
[Date "2019.01.29"]
[Round "4"]
[White "Dasaolu, Rotimi"]
[Black "Livesey, R Nigel"]
[Result "1/2-1/2"]
[ECO "B10"]
[WhiteElo "2038"]
[BlackElo "1797"]
[Annotator "NA RC"]
[PlyCount "54"]
[EventDate "2019.01.18"]
[EventType "swiss"]
[EventCountry "GGB"]
[SourceTitle "playchess.com"]
[Source "ChessBase"]
[SourceQuality "1"]
[TimeControl "6600+10"]

1. e4 c6 2. d3 d5 3. Nd2 e5 4. Ngf3 Bd6 5. g3 Nf6 6. Bg2 O-O 7. O-O Nbd7 8. c3 a5 9. Qc2 dxe4 10. dxe4 Nb6 11. Rd1 Qc7 12. Nf1 Be6 13. Bg5 Be7 14. Nh4 h6 15. Bxf6 Bxf6 16. Nf5 Bxf5 17. exf5 Rad8 18. Nd2 Be7 19. Qe4 Bf6 20. Qg4 Qe7 21. Ne4 Rfe8 22. Bf1 Nc8 23. Rd3 Rxd3 24. Bxd3 Rd8 25. Bc2 Nd6 26. Rd1 Nxe4 27. Bxe4 Rd6 1/2-1/2

[Event "Gibraltar Challengers B 2019"]
[Site "Caleta"]
[Date "2019.01.29"]
[Round "4"]
[White "Cramling Bellon, Anna"]
[Black "Saber, Yasser"]
[Result "0-1"]
[ECO "A85"]
[WhiteElo "2025"]
[BlackElo "2201"]
[Annotator "NA RC"]
[PlyCount "108"]
[EventDate "2019.01.18"]
[EventType "swiss"]
[EventCountry "GGB"]
[SourceTitle "playchess.com"]
[Source "ChessBase"]
[SourceQuality "1"]
[TimeControl "6600+10"]

1. d4 d6 2. Nf3 g6 3. c4 f5 4. Nc3 Nf6 5. Qc2 Bg7 6. e4 fxe4 {[%emt 0:00:45] A85: Dutch Defence: 2 c4 Nf6 3 Nc3} 7. Nxe4 Nxe4 8. Qxe4 Nc6 9. a3 (9. Bd2 Bf5 10. Qe3 O-O 11. Bd3 Bxd3 12. Qxd3 e5 13. dxe5 dxe5 14. Qxd8 Raxd8 {0-1 (25) Arkell,K (2505)-L'Ami,E (2619) Douglas 2015}) 9... O-O 10. Be2 Bf5 11. Qh4 e5 12. Bg5 Qe8 $146 13. dxe5 dxe5 ({Black should play} 13... Bxe5 $17 14. Ra2 Bg7) 14. O-O e4 15. Nd2 Nd4 16. Bg4 {[%emt 0:02:19] [#]} (16. Rae1 $1 $11) 16... h6 $1 17. Be3 Rd8 18. Rad1 Qe6 19. Nb3 c5 (19... Bxg4 $17 20. Nxd4 Qc8) 20. Nxc5 Qc8 21. Bxf5 Qxf5 22. Nb3 Ne2+ {[%emt 0:16:15] Discovered Attack} 23. Kh1 g5 24. Qh5 Rxd1 25. Rxd1 Nf4 26. Bxf4 (26. Nd4 $1 $14 {is the one way to stay ahead.}) 26... Qxf4 27. Rf1 e3 28. Qe2 exf2 29. Nc5 Qf7 30. Qe6 Qxe6 31. Nxe6 Re8 32. Rxf2 Rxe6 33. g3 g4 34. Rd2 b6 35. Kg2 Re4 36. Rc2 Bd4 37. b4 Re1 38. h3 Rg1+ 39. Kh2 gxh3 40. Kxh3 Be5 41. Re2 Rxg3+ 42. Kh4 Rg5 43. c5 bxc5 44. bxc5 Kf7 45. c6 Ke6 46. Rd2 Bg3+ 47. Kh3 Bd6 48. Rc2 Rc5 49. Re2+ Be5 50. Kg4 Rxc6 51. Kh5 Kf5 52. Rf2+ Bf4 53. Rb2 Rc1 54. Rb5+ Be5 0-1

[Event "Gibraltar Challengers B 2019"]
[Site "Caleta"]
[Date "2019.01.29"]
[Round "4"]
[White "Kakulidis, Ellen"]
[Black "Pereira Lopez, Aketza"]
[Result "1-0"]
[ECO "B07"]
[WhiteElo "2021"]
[BlackElo "1861"]
[Annotator "NA RC"]
[PlyCount "93"]
[EventDate "2019.01.18"]
[EventType "swiss"]
[EventCountry "GGB"]
[SourceTitle "playchess.com"]
[Source "ChessBase"]
[SourceQuality "1"]
[TimeControl "6600+10"]

1. d4 g6 2. e4 Bg7 3. Ne2 d6 4. g3 Nd7 5. Bg2 Ngf6 6. Nbc3 O-O 7. h3 Rb8 8. a4 b6 9. O-O c5 10. Be3 cxd4 11. Bxd4 a6 {[%emt 0:01:06] B07: Pirc Defence: Miscellaneous Systems} 12. f4 (12. Nd5 Bb7 13. c4 e5 14. Be3 Nxd5 15. cxd5 a5 16. b4 axb4 17. Rb1 Ba6 18. Rxb4 f5 19. exf5 gxf5 {½-½ (55) Motylev,A (2655)-Bocharov,D (2595) Moscow 2016}) 12... Nc5 13. g4 Bb7 14. Ng3 Ne6 $146 ({Predecessor:} 14... h6 15. Qd2 Qc7 16. Rae1 Rbd8 17. Qf2 a5 18. e5 dxe5 19. Bxe5 {0-1 (37) Smith,R (2333)-Ker,A (2330) Auckland 2008}) 15. Be3 Rc8 16. e5 Bxg2 17. exf6 Bxf1 18. fxg7 Kxg7 19. Kxf1 Nc5 20. Kg1 e6 21. Qe1 Qc7 22. Rd1 (22. Bd4+ $18 Kg8 23. Nge4 Nxe4 24. Qxe4 (24. Nxe4 f5 $16)) 22... d5 23. Rd2 Qc6 24. Bd4+ Kg8 25. g5 ({Don't take} 25. Qe5 $6 f6 $16) 25... Nd7 26. Nf1 f6 27. Nh2 (27. gxf6 $18 Nxf6 28. Qe5) 27... e5 28. fxe5 fxe5 {[%emt 0:00:03] [#]} 29. Bf2 $1 ({Don't take} 29. Bxe5 Rce8 $14) 29... d4 30. Ne4 Qxa4 31. c3 dxc3 32. Nxc3 Qc6 33. Ng4 Rce8 34. Ne4 Re7 35. Rxd7 Rxd7 36. Nef6+ Rxf6 37. Nxf6+ Kf7 38. Ng4 Qb5 39. Nxe5+ Ke7 40. Nxd7+ Kxd7 41. Qd2+ $18 Kc6 42. Qc3+ Kb7 43. Qf3+ Kc7 44. Bg3+ Kc8 45. Qf8+ Kb7 46. Qe7+ Kc6 47. Qd6+ {[%emt 0:00:07] Kd5 [%clk 00:00:39] [%emt 00:00:13]} 1-0

[Event "Gibraltar Challengers B 2019"]
[Site "Caleta"]
[Date "2019.01.29"]
[Round "4"]
[White "Bryn, Askild"]
[Black "Maisuradze, Nino"]
[Result "0-1"]
[ECO "B23"]
[WhiteElo "2010"]
[BlackElo "2215"]
[Annotator "NA RC"]
[PlyCount "130"]
[EventDate "2019.01.18"]
[EventType "swiss"]
[EventCountry "GGB"]
[SourceTitle "playchess.com"]
[Source "ChessBase"]
[SourceQuality "1"]
[TimeControl "6600+10"]

1. e4 c5 2. Nc3 Nc6 3. f4 g6 4. Nf3 Bg7 5. Bb5 Nd4 6. O-O a6 7. Bd3 d6 8. Nxd4 cxd4 9. Ne2 Nf6 10. c3 dxc3 11. dxc3 O-O 12. h3 Qb6+ $146 {[%emt 0:02:16] B23: Closed Sicilian: Lines without g3} ({Predecessor:} 12... b5 13. Nd4 e5 14. Nf3 Bb7 15. Qe1 exf4 16. Bxf4 Re8 17. Nd2 Nxe4 18. Nxe4 Bxe4 19. Bxe4 d5 20. Rd1 Rxe4 {½-½ (40) Gdanski,J (2530)-Van Wely,L (2636) Warsaw 1999}) 13. Kh2 Bd7 14. Qb3 Qxb3 15. axb3 Bc6 16. Ng3 a5 17. Re1 Nd7 18. Be3 h5 19. Nf1 b5 20. Nd2 a4 21. b4 Rfc8 22. Nb1 Rab8 23. Na3 e5 24. f5 gxf5 25. exf5 d5 26. Be2 Nf6 27. g4 (27. Ba7 $1 $11 {was the only way to keep the balance.}) 27... hxg4 28. hxg4 {[%emt 0:00:01] [#]} Ne4 ({Better is} 28... d4 $1 $17 29. cxd4 exd4) 29. Bf3 Nd6 30. Rad1 Ne4 (30... d4 $5 31. Bxc6 Rxc6 32. cxd4 exd4 33. Bxd4 Nc4 $11) 31. Bxe4 dxe4 32. Rd2 Rd8 {[%emt 0:00:30] [#]} (32... Bf8 $11 {keeps the balance.}) 33. Red1 $1 Rxd2+ 34. Rxd2 Bf8 35. Bg5 e3 (35... Kg7 $11) 36. Bxe3 f6 37. Kg3 Be7 38. Nc2 ({White should play} 38. Bc5 $16 Rd8 39. Rxd8+ Bxd8 40. c4) 38... Rc8 39. Bb6 Kf7 40. Rh2 Bd6 41. Be3 Be4 ({Better is} 41... Kg7 $14) 42. Ne1 $2 {[%emt 0:01:18] [#]} (42. Na3 $16 {and life is bright.}) 42... a3 $1 43. bxa3 Rxc3 {[%emt 0:00:02] Double Attack} 44. Kf2 ({White should play} 44. Rh7+ $15 Kg8 45. Rd7 Bxb4 46. axb4 Rxe3+ 47. Kf2) 44... Rxa3 45. Rh7+ Kg8 46. Rh6 Bxb4 47. Rg6+ Kf7 48. g5 Bxe1+ 49. Ke2 fxg5 50. Bxg5 Bg3 51. Rf6+ Kg7 52. Rg6+ Kf7 53. Rf6+ Ke8 54. Re6+ Kd7 55. Re7+ Kd6 56. f6 Bf3+ 57. Kd2 Bf4+ 58. Bxf4 exf4 59. Re8 Bh5 60. Rb8 Rb3 61. Rb6+ Ke5 62. Kc2 $19 Rb4 63. Kc3 Rc4+ 64. Kb3 Rc5 65. Kb4 Rd5 0-1